 Dungeon Crawl Stone Soup version 0.19.1 (webtiles) character file.

190 Marvel the Chopper (level 5, -8/46 HPs)
             Began as a Draconian Berserker on Nov 26, 2016.
             Was a Priest of Trog.
             Killed from afar by a white imp (10 damage)
             ... with a puff of frost
             ... summoned by Natasha
             ... on level 3 of the Dungeon.
             The game lasted 00:07:06 (2202 turns).

Marvel the Chopper (Draconian Berserker)            Turns: 2202, Time: 00:07:07

Health: -8/46      AC:  5    Str: 20    XL:     5   Next: 41%
Magic:  5/5        EV: 13    Int:  7    God:    Trog [***...]
Gold:   98         SH:  0    Dex: 11    Spells: 0 memorised, 4 levels left

rFire  . . .     SeeInvis .     l - +0 hand axe
rCold  . . .     Gourm    .     (armour unavailable)
rNeg   . . .     Faith    .     (no shield)
rPois  .         Spirit   .     (helmet restricted)
rElec  .         Reflect  .     (no cloak)
rCorr  .         Harm     .     (no gloves)
MR     .....                    (no boots)
Stlth  ++........               (no amulet)
                                (no ring)
                                (no ring)

@: slowed, very slow
A: unfitting armour, cold-blooded, AC +5
a: Berserk, Trog's Hand, Burn Spellbooks, Renounce Religion


You were on level 3 of the Dungeon.
You worshipped Trog.
Trog was most pleased with you.
You were hungry.

You visited 1 branch of the dungeon, and saw 3 of its levels.

You collected 98 gold pieces.

Inventory:

Hand Weapons
 a - a +0 hand axe
 l - a +0 hand axe (weapon)
Scrolls
 e - 2 scrolls of identify {unknown}
 f - 3 scrolls of fear {unknown}
 j - a scroll of remove curse {unknown}
Potions
 c - a potion of berserk rage {unknown}
 d - a potion of brilliance {unknown}
 k - a potion of mutation {unknown}
Comestibles
 b - 4 bread rations
 g - 3 fruits
 h - a beef jerky


   Skills:
 + Level 4.1 Fighting
 + Level 4.3 Axes
 + Level 4.0 Dodging
 + Level 1.2 Stealth


You had 4 spell levels left.
You didn't know any spells.

Dungeon Overview and Level Annotations

Branches:
Dungeon (3/15)

Altars:

Annotations:
D:3 Natasha


Innate Abilities, Weirdness & Mutations

Your plain brown scales are hard. (AC +5)
You cannot fit into any form of body armour.
You are cold-blooded and may be slowed by cold attacks.


Message History

You hit the white imp but do no damage. You hit the white imp.
The white imp barely misses you. Natasha claws you. The white imp hits you.
The white imp freezes you.
You feel as though you will be slow longer.
You closely miss Natasha.
Natasha is almost dead.
You hit the white imp. x2; The white imp closely misses you.
Natasha casts a spell at you. The magic dart hits you!
The white imp gestures at you. The puff of frost hits you!
* * * LOW HITPOINT WARNING * * *
The white imp gestures at you. The puff of frost hits you!
* * * LOW HITPOINT WARNING * * *
Natasha casts a spell at you. You resist with some effort.
The white imp gestures at you. The puff of frost hits you!
You die...

#.#####.# #.#.##.#### ##.#
#.# #......# #..# #.#
###+#### #..# #.#
#..#####.# #........# .
#####.#...####.........###
#........55..'.........+..
#.###.#..@####.........###
#.###.##h## .......
#.##...#.# ..... ###
#.#.#.#..# ... #..
#.##...#.# #'# #.#
#.###.##(# #.# # #
#.###.##.# #.# #.#
#........#########.#####.#
#####........h........##..


You could see Natasha and 2 white imps.

Vanquished Creatures
  Natasha (twice) (D:2 D:3)
  7 adders
  An ooze (D:1)
  4 worms
  2 dart slugs
  7 bats
  2 giant cockroaches
  7 goblins
  7 hobgoblins
  8 jackals (D:1)
  4 frilled lizards (D:1)
  4 kobolds
  8 rats
63 creatures vanquished.

Notes
Turn   | Place    | Note
-------+----------+-------------------------------------------
     0 | D:1      | Marvel the Draconian Berserker began the quest for the Orb.
     0 | D:1      | Reached XP level 1. HP: 19/19 MP: 1/1
   225 | D:1      | Reached XP level 2. HP: 26/26 MP: 2/2
   629 | D:1      | Reached XP level 3. HP: 12/33 MP: 3/3
   733 | D:1      | Reached ** piety under Trog
  1233 | D:2      | Noticed Natasha
  1245 | D:2      | Killed Natasha
  1245 | D:2      | Reached XP level 4. HP: 22/40 MP: 4/4
  1694 | D:2      | Reached XP level 5. HP: 36/46 MP: 5/5
  1806 | D:3      | Noticed Natasha
  1818 | D:3      | Killed Natasha
  1818 | D:3      | Reached skill level 1 in Stealth
  1871 | D:3      | Noticed Natasha
  1882 | D:3      | Reached *** piety under Trog
  2202 | D:3      | HP: 2/46 [white imp/puff of frost[Natasha] (3)]
  2202 | D:3      | Killed from afar by a white imp

Skill      XL: |  1  2  3  4  5 |
---------------+----------------+-----
Dodging        | 3 4 |  4.0
Fighting       | 4 |  4.1
Axes           | 4 |  4.3
Stealth        | 1 |  1.2

Action                   |  1- 3 |  4- 6 || total
-------------------------+-------+-------++-------
Melee: Hand axe          |   171 |    95 ||   266
       Tailslap          |    14 |     9 ||    23
       Unarmed           |       |     1 ||     1
 Stab: Sleeping          |     1 |     2 ||     3
  Eat: Chunk             |     1 |     3 ||     4
Armor: Skin              |    59 |    22 ||    81
Dodge: Dodged            |   148 |    59 ||   207
